Map: Disco Bloodbath LE

Players

IIIIIIIIIIII - Winner!

  • Race: Terran Terran
  • League: Master
  • Spawn Location: 3:00

Mez

  • Race: Terran Terran
  • League: Master
  • Spawn Location: 9:00

VOD

Have the link to the VOD?

Description

Time

  • Played on: Sept. 9, 2019, 4:52 p.m.
  • Length: 6:57
Show
View Real Time Build Order
Export as new Build Order

IIIIIIIIIIII Terran - Winner!

Build Orders:  

Get SALT Encoding   

  12  0:01  SCV  
  13  0:13  SCV  
  14  0:21  Supply Depot  
  14  0:28  SCV  
  15  0:45  Barracks  
  15  0:54  Barracks  
  15  1:07  Barracks  
  15  1:11  SCV  
  16  1:23  SCV  
  17  1:33  Marine  
  17  1:34  Barracks  
  18  1:42  Marine  
  18  1:44  Supply Depot  
  19  1:52  Marine  
  19  1:54  Marine  
  20  1:59  Marine  
  22  2:09  Marine  
  22  2:12  Marine  
  22  2:13  Orbital Command  
  24  2:17  Marine  
  25  2:27  Marine x2  
  27  2:37  Marine x2  
  29  2:45  Marine  
  30  2:56  Marine  
  31  3:04  Marine x3, Refinery  
  34  3:06  Supply Depot  
  34  3:08  SCV  
  35  3:29  Refinery  
  35  3:30  Supply Depot  
  35  3:36  SCV  
  36  3:48  SCV  
  37  4:05  SCV  
  38  4:15  Factory  
  38  4:17  SCV  
  38  4:18  Barracks Tech Lab  
  39  4:29  SCV  
  40  5:03  Starport, Factory Reactor  
  40  5:04  SCV  
  41  5:10  Supply Depot  
  41  5:14  Command Center  
  41  5:16  SCV  
  42  5:21  Marine x3  
  42  5:23  Combat Shield  
  45  5:28  SCV  
  46  5:56  Viking  
  48  5:57  Viking  
  50  6:20  Marine x3, Marauder  
  55  6:26  Viking  
  55  6:27  Supply Depot  
  55  6:29  Orbital Command  
  57  6:50  Supply Depot  
Show
View Real Time Build Order
Export as new Build Order

Mez Terran 

Build Orders: Reaper Expand 

Get SALT Encoding   

  12  0:00  SCV  
  13  0:12  SCV  
  14  0:17  Supply Depot  
  14  0:25  SCV  
  15  0:39  SCV  
  15  0:42  Barracks  
  16  0:46  Refinery  
  16  0:51  SCV  
  17  1:03  SCV  
  18  1:15  SCV  
  19  1:30  Orbital Command, Reaper  
  20  1:43  Command Center  
  20  2:02  Bunker  
  20  2:05  Supply Depot  
  20  2:07  Supply Depot  
  20  2:10  Bunker  
  20  2:12  Supply Depot  
  20  2:16  Marine, Supply Depot  
  20  2:21  SCV  
  17  2:34  Bunker  
  3  3:55  Command Center  
  2  4:32  Command Center  
  1  4:48  Barracks  
  1  5:09  Orbital Command  
Tags
 
Add a new tag
Caveats
  • Supply blocks, unpowered buildings, or Contaminate may cause inaccurate times.
  • Supply counts are checked every 10 seconds.